 Dungeon Crawl Stone Soup version 0.26.1-10-gdfb7c7de75 (webtiles) character file.

Game seed: 15210616943753418027

975 tardwrangler69 the Chopper (level 7, 0/63 HPs)
             Began as a Minotaur Fighter on Apr 3, 2021.
             Was a Priest of Uskayaw.
             Slain by an orc warrior
             ... wielding a +0 mace
              (15 damage)
             ... on level 5 of the Dungeon.
             The game lasted 00:04:06 (4776 turns).

tardwrangler69 the Chopper (Minotaur Fighter)       Turns: 4776, Time: 00:04:07

Health: 0/63       AC: 15    Str: 23    XL:     7   Next: 95%
Magic:  6/6        EV:  5    Int:  5    God:    Uskayaw [***...]
Gold:   357        SH: 11    Dex: 15    Spells: 6/6 levels left

rFire    x . .     SeeInvis .   a - +0 war axe
rCold    + . .     Faith    .   c - +0 kite shield
rNeg     . . .     Spirit   .   C - +0 plate armour
rPois    .         Reflect  .   (helmet restricted)
rElec    .         Harm     .   (no cloak)
rCorr    .         Rampage  .   p - +0 pair of gloves
Will     .....                  y - +0 pair of boots
Stlth    ..........             (no amulet)
HPRegen  0.20/turn              m - +6 ring of dexterity
MPRegen  0.10/turn              v - ring of ice

@: mighty
A: retaliatory headbutt, horns 2
a: Renounce Religion, Stomp, Line Pass


You were on level 5 of the Dungeon.
You worshipped Uskayaw.
Uskayaw was noncommittal.
You visited 1 branch of the dungeon, and saw 5 of its levels.
You also visited: Sewer.

You collected 357 gold pieces.

Inventory:

Hand Weapons
 a - a +0 war axe (weapon)
Armour
 c - a +0 kite shield (worn)
 p - a +0 pair of gloves (worn)
 y - a +0 pair of boots (worn)
 C - a +0 plate armour (worn)
 G - a +2 pair of boots
Jewellery
 m - a +6 ring of dexterity (left hand)
 u - an uncursed ring of fire
 v - a ring of ice (right hand)
Wands
 t - a wand of paralysis (7)
 x - a wand of polymorph (8)
 F - a wand of enslavement (9)
Scrolls
 b - a scroll of enchant armour {unknown}
 e - a scroll of fog {unknown}
 f - 3 scrolls of remove curse {unknown}
 g - 2 scrolls of immolation {unknown}
 i - 10 scrolls of identify {unknown}
 j - a scroll of blinking {unknown}
 l - 2 scrolls of magic mapping {unknown}
 o - 2 scrolls of random uselessness {unknown}
 r - a scroll of enchant weapon {unknown}
 s - a scroll of fear {unknown}
 w - a scroll of amnesia {unknown}
 D - a scroll of noise {unknown}
 E - a scroll of teleportation {unknown}
Potions
 h - a potion of brilliance {unknown}
 k - 2 potions of curing
 n - a potion of invisibility {unknown}
 q - a potion of resistance
 z - a potion of heal wounds {unknown}
 A - 2 potions of flight {unknown}
 B - a potion of haste {unknown}


   Skills:
 + Level 6.1 Fighting
 * Level 7.3 Axes
 + Level 6.0 Armour
 + Level 6.2 Shields


You had 6 spell levels left.
You didn't know any spells.
Your spell library was empty.

Dungeon Overview and Level Annotations

Branches:
Dungeon (5/15)             Temple (0/1) D:4           Sewer (visited)

Altars:
Ashenzari
Fedhas
Ru
Trog
Uskayaw
Yredelemnul

Annotations:
D:2 1 exclusion


Innate Abilities, Weirdness & Mutations

You reflexively headbutt those who attack you in melee.
You have a pair of horns on your head.


Message History

You are too injured to fight recklessly!
You are too injured to fight recklessly!
You are too injured to fight recklessly!
You are too injured to fight recklessly!
You are too injured to fight recklessly!
You are too injured to fight recklessly!
You are too injured to fight recklessly!
You are too injured to fight recklessly!
You are too injured to fight recklessly!
You hit the ogre. Your headbutt misses the ogre.
The ogre is lightly wounded.
You completely miss the orc warrior.
You feel sick.
The orc warrior hits you with a +0 mace!
* * * LOW HITPOINT WARNING * * *
You block the ogre's attack.
It was a potion of curing.
You feel better. You block the orc warrior's attack.
You feel very mighty all of a sudden. You block the ogre's attack.
The orc warrior hits you with a +0 mace!
You die...

... ## ... .≈≈♣≈≈. ...
.. .. .≈≈≈≈≈. ... ....
..≈≈≈.. ... .#.
....... ... ..#.......
... ......... ...
#oO....... ...
####@.......#########
##.##........#........
#............#.######.
#.........)..#.#(...#.
##...........#.#.[#.#.
#....(......#.####.#.
##.....)....#......#.
###..#.....########.
##.###............


You could see an orc warrior and an ogre.

Vanquished Creatures
  A sky beast (D:5)
  A centaur (D:5)
  A big kobold (Sewer)
  The ghost of axecop the Distorting Demonspawn, a weakling DsAK of Lugonu (D:3)
  A centaur zombie (D:5)
  2 hounds
  5 orc wizards
  2 orc priests
  3 worker ants (D:4)
  A hound skeleton (D:4)
  A worker ant zombie (D:5)
  8 adders
  3 river rats
  A shadow imp (D:5)
  An ufetubus (D:5)
  2 oozes
  An adder skeleton (D:4)
  7 worms
  3 dart slugs
  4 leopard geckos
  25 orcs
  5 giant cockroaches
  10 goblins
  10 hobgoblins
  9 jackals
  11 kobolds
  A quokka (D:4)
  14 bats
  6 frilled lizards
  A quokka skeleton (D:4)
  17 rats
158 creatures vanquished.

Notes
Turn   | Place    | Note
-------+----------+-------------------------------------------
     0 | D:1      | tardwrangler69 the Minotaur Fighter began the quest for the
                  | Orb.
     0 | D:1      | Reached XP level 1. HP: 19/19 MP: 0/0
   143 | D:1      | Reached XP level 2. HP: 21/27 MP: 1/1
   258 | D:1      | Reached skill level 3 in Axes
   748 | D:1      | Reached XP level 3. HP: 27/33 MP: 2/2
  1154 | D:2      | Noticed a moth of wrath
  1157 | D:2      | Found a bloodstained altar of Trog.
  1188 | D:2      | Reached XP level 4. HP: 31/40 MP: 3/3
  1513 | D:2      | Reached skill level 4 in Axes
  2270 | D:3      | Reached XP level 5. HP: 26/47 MP: 4/4
  2527 | D:3      | Reached skill level 5 in Axes
  2551 | D:3      | Found a runed translucent door.
  2629 | D:3      | Noticed axecop's ghost (weakling DsAK)
  3018 | D:3      | Found a broken altar of Ashenzari.
  3126 | D:3      | Found a bloodstained altar of Trog.
  3126 | D:3      | Found a hide-covered altar of Uskayaw.
  3131 | D:3      | Found a basalt altar of Yredelemnul.
  3135 | D:3      | Became a worshipper of Uskayaw the Reveller
  3216 | D:3      | Reached * piety under Uskayaw
  3220 | D:3      | Reached ** piety under Uskayaw
  3223 | D:3      | Reached XP level 6. HP: 43/55 MP: 5/5
  3224 | D:3      | Killed axecop's ghost
  3225 | D:3      | Reached skill level 5 in Fighting
  3225 | D:3      | Reached skill level 5 in Shields
  3357 | D:4      | Found a sacrificial altar of Ru.
  3461 | D:4      | Reached skill level 5 in Armour
  3514 | D:4      | Found a glowing drain.
  3594 | D:4      | Reached *** piety under Uskayaw
  3602 | Sewer    | Entered a sewer
  3771 | Sewer    | Found a white marble altar of Elyvilon.
  3889 | D:4      | Reached skill level 6 in Axes
  3892 | D:4      | Reached XP level 7. HP: 56/61 MP: 6/6
  4106 | D:4      | Found a staircase to the Ecumenical Temple.
  4227 | D:4      | Found a blossoming altar of Fedhas.
  4272 | D:5      | Entered Level 5 of the Dungeon
  4545 | D:5      | Reached **** piety under Uskayaw
  4547 | D:5      | Reached skill level 7 in Axes
  4549 | D:5      | Reached ***** piety under Uskayaw
  4776 | D:5      | Slain by an orc warrior

Illustrated notes

Levels and vault maps discovered:
D:1:      amcnicky_arrival_abandoned_market, layout_basic,
          chequers_serial_rivers_micro_d
D:2:      layout_loops_corners, tgw_trog
D:3:      layout_rooms, minitemple, ebering_ghost_sewer_d,
          hangedman_abyss_or_decor_stabs, chequers_avenue, grunt_decor_clamped,
          lemuel_altar_in_water
D:4:      layout_rooms, kennysheep_mini_moat, lemuel_round_altar, temple_green,
          portal_sewer_entry_c
D:5:      layout_cave_pools, grunt_ministairs_15, minivault_5, elyvilon_altar_3

Skill      XL: |  1  2  3  4  5  6  7 |
---------------+----------------------+-----
Axes           | 3 4 5 6 7 |  7.3
Fighting       | 4 5 6 |  6.1
Shields        | 4 5 6 |  6.2
Armour         | 4 5 6 |  6.0

Action                   |  1- 3 |  4- 6 |  7- 9 || total
-------------------------+-------+-------+-------++-------
Melee: War axe           |   107 |   174 |    86 ||   367
       Headbutt          |     8 |    39 |    18 ||    65
  Use: Potion            |       |       |     2 ||     2
 Stab: Paralysed         |       |     3 |     6 ||     9
Armor: Scale mail        |    69 |    58 |    19 ||   146
       Plate armour      |       |       |    29 ||    29
Dodge: Dodged            |    37 |    49 |    20 ||   106
Block: Kite shield       |    68 |   105 |    43 ||   216
